 Dungeon Sprint DCSS version 0.31-a0-544-gceb718ecc6 (webtiles) character file.

Game seed: 11635251185592117360

9297 rocky1 the Brawler (level 11, -7/84 HPs)
             Began as a Demonspawn Shapeshifter on Aug 15, 2023.
             Was an Initiate of Gozag.
             Mangled by a death yak (10 damage)
             ... in the Dungeon (Sprint IX: "|||||||||||||||||||||||||||||") on Aug 16, 2023.
             The game lasted 00:08:27 (1961 turns).

rocky1 the Brawler (Demonspawn Shapeshifter)        Turns: 1961, Time: 00:08:27

Health: -7/84      AC: 17    Str: 21    XL:     11   Next: 21%
Magic:  11/11      EV: 11    Int: 12    God:    Gozag
Gold:   393        SH:  0    Dex: 13    Spells: 10/10 levels left

rFire   . .          .
                       - Unarmed
rCold   . . .        (no shield)
rNeg    . . .        o - +0 plate armour
rPois   .            (helmet currently unavailable)
rElec   .            (cloak currently unavailable)
rCorr   .            (gloves currently unavailable)
SInv    .            (boots currently unavailable)
Will    .....        (no amulet) Stlth
                     p - +2 ring of evasion
HPRegen 0.34/turn    q - +3 ring of intelligence
MPRegen 0.12/turn

%: no teleportation
@: mighty, brilliant, beast-form, gold aura, hasted, very quick
A: beast (slay +4), claws 1, slimy green scales 2, powered by pain 1
a: Begin Untransformation, Renounce Religion, Potion Petition, Call Merchant,
Bribe Branch


You were in the Dungeon.
You worshipped Gozag.
Gozag was aware of your devotion.
You were a hulking beast.
You visited 1 branch You collected 2844 gold pieces.
You spent 471 gold pieces at shops.
You paid 1980 gold pieces to Gozag.

Inventory:

Hand Weapons
 r - the +2 scimitar of Bumeahuk {elec, rC+}
   (You found it in the Dungeon)

   rC+:       It protects you from cold.
Missiles
 i - a curare-tipped dart
Armour
 a - a +0 animal skin
 m - a +0 cloak
 n - a +0 pair of gloves
 o - a +0 plate armour (worn)
Jewellery
 p - a +2 ring of evasion (left claw)
 q - a +3 ring of intelligence (right claw)
Talismans
 c - a beast talisman (active)
 d - a flux talisman
Wands
 l - a wand of light (1)
Scrolls
 f - a scroll of poison
 j - 2 scrolls of blinking
 k - 2 scrolls of amnesia
 u - a scroll of identify
 v - 3 scrolls of enchant armour
 w - a scroll of fog
 x - 2 scrolls of enchant weapon
Potions
 e - 7 potions of curing
 g - 3 potions of haste
 h - 4 potions of magic
 s - a potion of brilliance


   Skills:
 * Level 7.1 Fighting
 + Level 9.5 Armour
 + Level 7.1 Dodging
 - Level 4.2 Stealth
 + Level 17.0 Unarmed Combat
 - Level 2.8 Evocations
 * Level 11.5 Shapeshifting


You had 10 spell levels left.
You didn't know any spells.
Your spell library was empty.

Dungeon Overview and Level Annotations

Branches:
Dungeon (1/1)

Altars:
Cheibriados
Dithmenos
Fedhas
Gozag
Hepliaklqana
Kikubaaqudgha
Makhleb
Nemelex Xobeh
Okawaru
Qazlal
Ru
Sif Muna
Trog
Uskayaw
Vehumet
Wu Jian
Xom
Yredelemnul
Jiyva
Lugonu

Shops:
D *


Innate Abilities, Weirdness & Mutations

You are a hulking beast.
Your limbs bulge with bestial killing power. (Slay +4)
You have sharp fingernails.
You are mostly covered in slimy green scales. (AC +3)
You sometimes gain a little power by taking damage.


Message History

[c] - 459 gold - resistance, might and lignification Purchase which effect?
You no longer have enough gold to fund merchants seeking to open stores in the dungeon.
You feel much better.
You feel better. Magic courses through your body. The catoblepas gores you!!
* * * LOW HITPOINT WARNING * * *
You focus on the pain.
You feel mightier all of a sudden.
Unknown command.
As you read the scroll of fog, it dissolves into smoke.
The catoblepas gores you but does no damage.
Unknown command.
You catch the helpless catoblepas completely off-guard!
You mangle the catoblepas!! You claw the catoblepas!
The catoblepas is heavily wounded.
Unknown command.
Okay, then. [a] - 576 gold - resistance, might and haste [b] - 494 gold - haste, brilliance and heal wounds [c] - 260 gold - resistance Purchase which effect?
You no longer have enough gold to petition Gozag for potion effects.
You feel yourself speed up.
You feel more clever all of a sudden.
You feel much better. The catoblepas gores you!!
* * * LOW HITPOINT WARNING * * *
Unknown command.
You mangle the catoblepas!! You claw the catoblepas!
You kill the catoblepas!
Your Fighting skill increases to level 7!
Your Unarmed Combat skill increases to level 17!
Unknown command.
The death yak gores you!
* * * LOW HITPOINT WARNING * * *
You see here 99 gold pieces.
You mangle the death yak!! Your claw misses the death yak.
The death yak is heavily wounded.
The death yak gores you!
You die...
Your body crumbles into a pile of gold.

▓▓▓▓▓▓▓▓▓▓▓▓▓▓▓▓▓▓▓▓▓▓▓▓▓▓▓▓▓▓▓▓▓
....∩'.......§§§hYY..$...$$YY....
▓▓▓▓▓▓▓▓▓▓▓▓▓▓▓▓▓▓▓▓▓▓▓▓▓▓▓▓▓▓▓▓▓
.................................
▓▓▓▓▓▓▓▓▓▓▓▓▓▓▓▓▓▓▓▓▓▓▓▓▓▓▓▓▓▓▓▓▓
'________________________'..)....
▓▓▓▓▓▓▓▓▓▓▓▓▓▓▓▓▓▓▓▓▓▓▓▓▓▓▓▓▓▓▓▓▓


You could see a death yak and a yak.

Vanquished Creatures
  2 catoblepae (D)
  2 hydras (D)
  2 death yaks (D)
  A two-headed ogre (D)
  A cyclops (D)
  2 black mambas (D)
  2 cane toads (D)
  A komodo dragon (D)
  A tengu conjurer (D)
  A troll (D)
  A polar bear (D)
  A meliai (D)
  4 blink frogs (D)
  2 yaks (D)
  A basilisk (D)
  A vampire mosquito (D)
  2 water moccasins (D)
  An orc warrior (D)
  A wolf (D)
  A kobold brigand (D)
  2 bullfrogs (D)
  A killer bee (D)
  2 hounds (D)
  An iguana (D)
  An orc wizard (D)
  An ufetubus (D)
  An orc (D)
  An endoplasm (D)
  A goblin (D)
  A hobgoblin (D)
  A jackal (D)
  A kobold (D)
44 creatures vanquished.

Vanquished Creatures (others)
  A catoblepas (D)
  A wraith (D)
2 creatures vanquished.

Grand Total: 46 creatures vanquished

Notes
Turn   | Place    | Note
-------+----------+-------------------------------------------
     0 | D        | rocky1 the Demonspawn Shapeshifter began the quest for the
                  | Orb.
     0 | D        | Reached XP level 1. HP: 15/15 MP: 1/1
     9 | D        | Reached skill level 3 in Unarmed Combat
    41 | D        | Noticed a hound
    41 | D        | Noticed a hound
    41 | D        | Noticed an iguana
    45 | D        | Killed a hound
    46 | D        | Reached skill level 4 in Unarmed Combat
    46 | D        | Gained mutation: You are partially covered in slimy green
                  | scales. (AC +2) [demonic ancestry]
    46 | D        | Reached XP level 2. HP: 21/21 MP: 2/2
    46 | D        | Reached XP level 3. HP: 26/26 MP: 3/3
    53 | D        | Reached skill level 5 in Unarmed Combat
    53 | D        | Reached skill level 5 in Shapeshifting
    53 | D        | Gained mutation: You have sharp fingernails. [demonic
                  | ancestry]
    53 | D        | Reached XP level 4. HP: 32/32 MP: 4/4
   286 | D        | Found a snail-covered altar of Cheibriados.
   286 | D        | Found a shadowy altar of Dithmenos.
   286 | D        | Found a blossoming altar of Fedhas.
   286 | D        | Found an opulent altar of Gozag.
   287 | D        | Found a hazy altar of Hepliaklqana.
   288 | D        | Found a viscous altar of Jiyva.
   289 | D        | Found an ancient bone altar of Kikubaaqudgha.
   290 | D        | Found a corrupted altar of Lugonu.
   291 | D        | Found a burning altar of Makhleb.
   292 | D        | Found a sparkling altar of Nemelex Xobeh.
   293 | D        | Found an iron altar of Okawaru.
   294 | D        | Found a stormy altar of Qazlal.
   296 | D        | Became a worshipper of Gozag Ym Sagoz the Greedy
   298 | D        | Found a sacrificial altar of Ru.
   299 | D        | Found a shimmering blue altar of Sif Muna.
   300 | D        | Found a bloodstained altar of Trog.
   301 | D        | Found a hide-covered altar of Uskayaw.
   302 | D        | Found a radiant altar of Vehumet.
   303 | D        | Found an ornate altar of the Wu Jian Council.
   304 | D        | Found a shimmering altar of Xom.
   305 | D        | Found a basalt altar of Yredelemnul.
   354 | D        | Got the +2 scimitar of Bumeahuk {elec, rC+}
   461 | D        | Noticed a vampire mosquito
   461 | D        | Noticed a troll
   461 | D        | Noticed an orc warrior
   461 | D        | Noticed a kobold brigand
   469 | D        | Killed a vampire mosquito
   470 | D        | Reached skill level 7 in Unarmed Combat
   470 | D        | Reached XP level 5. HP: 37/37 MP: 5/5
   476 | D        | Killed a troll
   477 | D        | Reached skill level 1 in Armour
   477 | D        | Reached skill level 1 in Stealth
   477 | D        | Reached skill level 8 in Unarmed Combat
   477 | D        | Reached XP level 6. HP: 33/43 MP: 6/6
   482 | D        | Reached skill level 9 in Unarmed Combat
   490 | D        | Killed an orc warrior
   491 | D        | Reached skill level 5 in Dodging
   491 | D        | Gained mutation: You sometimes gain a little power by
                  | taking damage. [demonic ancestry]
   491 | D        | Reached XP level 7. HP: 26/48 MP: 7/7
   568 | D        | Noticed a wraith
   568 | D        | Noticed a tengu conjurer
   568 | D        | Noticed a two-headed ogre
   568 | D        | Noticed a cyclops
   568 | D        | Noticed a meliai
   568 | D        | Noticed a five-headed hydra
   570 | D        | Killed a wraith
   571 | D        | Reached skill level 10 in Unarmed Combat
   574 | D        | Killed a tengu conjurer
   577 | D        | Killed a two-headed ogre
   578 | D        | Reached skill level 11 in Unarmed Combat
   578 | D        | Reached skill level 1 in Evocations
   578 | D        | Gained mutation: You are mostly covered in slimy green
                  | scales. (AC +3) [demonic ancestry]
   578 | D        | Reached XP level 8. HP: 32/54 MP: 8/8
   582 | D        | Killed a cyclops
   583 | D        | Reached skill level 12 in Unarmed Combat
   585 | D        | Killed a five-headed hydra
   586 | D        | Reached skill level 5 in Armour
   586 | D        | Reached skill level 13 in Unarmed Combat
   586 | D        | Reached skill level 10 in Shapeshifting
   586 | D        | Reached XP level 9. HP: 37/61 MP: 9/9
   591 | D        | Killed a meliai
   738 | D        | Upgraded the game from 0.31-a0-542-gdc2a67831c to
                  | 0.31-a0-544-gceb718ecc6
   844 | D        | Bought a scroll of blinking for 172 gold pieces
   844 | D        | Bought a potion of haste for 230 gold pieces
   844 | D        | Bought a potion of curing for 69 gold pieces
   844 | D        | Noticed a komodo dragon
   846 | D        | Noticed a polar bear
   854 | D        | Noticed a black mamba
   869 | D        | Killed a komodo dragon
   870 | D        | Reached skill level 14 in Unarmed Combat
   891 | D        | Killed a polar bear
   894 | D        | Killed a black mamba
   900 | D        | Reached XP level 10. HP: 43/69 MP: 10/10
  1012 | D        | Noticed a black mamba
  1012 | D        | Noticed a cane toad
  1014 | D        | Noticed a six-headed hydra
  1022 | D        | Reached skill level 15 in Unarmed Combat
  1245 | D        | Killed a black mamba
  1249 | D        | Killed a cane toad
  1415 | D        | Noticed a cane toad
  1418 | D        | Killed a six-headed hydra
  1419 | D        | Reached skill level 5 in Fighting
  1427 | D        | Killed a cane toad
  1428 | D        | Reached skill level 16 in Unarmed Combat
  1568 | D        | Noticed a death yak
  1568 | D        | Noticed a death yak
  1568 | D        | Noticed a catoblepas
  1568 | D        | Noticed a catoblepas
  1676 | D        | Noticed a catoblepas
  1676 | D        | Noticed a death yak
  1682 | D        | Killed a death yak
  1688 | D        | Killed a death yak
  1689 | D        | Reached XP level 11. HP: 56/82 MP: 11/11
  1911 | D        | Killed a catoblepas
  1931 | D        | HP: 4/83 [catoblepas/blast of calcifying dust (1)]
  1938 | D        | Killed a catoblepas
  1954 | D        | HP: 2/83 [catoblepas (20)]
  1959 | D        | Killed a catoblepas
  1960 | D        | Reached skill level 17 in Unarmed Combat
  1960 | D        | HP: 3/84 [death yak (12)]
  1961 | D        | Mangled by a death yak

Illustrated notes

Levels and vault maps discovered:
D:        linesprint [early_d, line_temple, items_1, d_10, items_2, lair_1,
          lair_end, items_3, orc_1, orc_end, items_4, d_15, swamp_1, shoals_1,
          snake_1, spider_1, d_20, vaults_1, items_5, swamp_end, shoals_end,
          snake_end, spider_end, vaults_end, d_27, items_6, zot_1, zot_end,
          crypt_end, forest_end, elf_end, slime_end, tomb_end, abyss_end,
          pan_hell_end]

Skill      XL: |  1  2  3  4  5  6  7  8  9 10 11 |
---------------+----------------------------------+-----
Shapeshifting  | 4 5 6 8 9 10 11 | 11.5
Unarmed Combat | 4 5 7 8 9 11 13 14 16 17 | 17.0
Dodging        | 2 4 5 6 7 |  7.1
Armour         | 1 2 4 5 6 8 9 |  9.5
Stealth        | 1 2 3 4 |  4.2
Evocations     | 1 2 |  2.8
Fighting       | 2 6 7 |  7.1

Action                     |  1- 3 |  4- 6 |  7- 9 | 10-12 || total
---------------------------+-------+-------+-------+-------++-------
  Melee: Unarmed           |    27 |    34 |    63 |    72 ||   196
         Punch             |       |       |     5 |     8 ||    13
 Invoke: Call Merchant     |       |       |     1 |       ||     1
         Potion Petition   |       |       |       |     3 ||     3
  Evoke: Wand              |       |       |     4 |     5 ||     9
    Use: Potion            |     1 |     2 |     4 |     3 ||    10
         Scroll            |       |       |       |     3 ||     3
   Stab: Invisible         |       |       |     1 |     5 ||     6
         Distracted        |       |       |     3 |       ||     3
 Armour: Animal skin       |     2 |       |       |       ||     2
         Skin              |     7 |     5 |       |       ||    12
         Plate armour      |       |    15 |    16 |    35 ||    66
  Dodge: Dodged            |    14 |    11 |    38 |    24 ||    87

Table legend: (Time is in decaauts)
 A = Elapsed time spent in this place.
 B = Non-inter-level travel time spent in this place.
 C = Inter-level travel time spent in this place.
 D = Time resting spent in this place.
 E = Time spent auto-exploring this place.
 F = Levels seen in this place.
 G = Mean time per level.
                   A        B        C        D        E       F      G
               +--------+--------+--------+--------+--------+-----+--------+
         Total |   1921 |   1921 |      0 |   1300 |      0 |   1 | 1921.0 |
       Dungeon |   1921 |   1921 |      0 |   1300 |      0 |   1 | 1921.0 |
               +--------+--------+--------+--------+--------+-----+--------+

Top non-repeatable levels by time:
       D: 1921 daAuts
